AoeStats
← Loki_GT

Arena

509822559Analyzed
4v4 RM · 3d ago on Sep 28, 2026· 49m 13s· 8 players
Game mode
Random Map
Map size
Large (8 player)
Population
200
Speed
Normal
Resources
Standard
Victory
Conquest
Starting age
Dark Age
Ending age
Imperial Age
RankedLock teamsTeams togetherTeam positionsShared explorationLock speedFull tech treeHidden civsTurbo modeCheats
Victory
Defeat
🇨🇳 Spanish · China
1345
+15
🇮🇳 Khmer · India
1306
+16
🇲🇽 Muisca · Mexico
1215
+20
🇫🇷 Goths · France
1201
+21
🇺🇸 Vikings · United States
1388
-20
🇺🇸 Saxons · United States
1347
-20
🇨🇦 Goths · Canada
1281
-17
🇺🇸 Romans · United States
1232
-15
DEMLOUDBOYZ
10:11 Feudal Age
10:31 Feudal Age
12:12 Double-Bit Axe
14:57 Castle Age
13:10 Horse Collar
13:38 Gold Mining
15:03 Fletching
15:55 Bow Saw
17:14 Crossbowman
18:41 Bodkin Arrow
19:22 Loom
19:46 Padded Archer Armor
20:43 Ballistics
21:49 Thumb Ring
22:24 Leather Archer Armor
25:44 Wheelbarrow
25:17 Heavy Plow
32:37 Imperial Age
30:49 Gold Shaft Mining
30:07 Stone Mining
30:03 Treadmill Crane
30:34 Masonry
34:23 Chemistry
32:51 Arbalester
33:35 Bracer
34:06 Ring Archer Armor
34:56 Siege Engineers
36:07 Architecture
38:26 Conscription
39:27 Hoardings
40:51 Fortified Wall
40:37 Murder Holes
42:36 Scale Barding Armor
42:33 Scale Mail Armor
42:43 Forging
42:17 Shield Wall
Cain2point0
10:28 Feudal Age
14:03 Castle Age
12:24 Double-Bit Axe
12:29 Horse Collar
15:14 Bow Saw
21:08 Gold Mining
23:36 Gold Shaft Mining
23:17 Fletching
24:29 Loom
28:44 Imperial Age
26:03 Loom
27:21 Scale Mail Armor
27:31 Forging
27:52 Chieftains
29:15 Chain Mail Armor
29:36 Iron Casting
30:49 Two-Man Saw
29:21 Elite Varangian Guard
30:49 Squires
30:13 Onager
30:35 Capped Ram
32:08 Siege Engineers
32:44 Conscription
32:48 Onager
33:10 Siege Ram
36:03 Pikeman
36:31 Arson
38:58 Plate Mail Armor
39:28 Blast Furnace
41:43 Bodkin Arrow
SAMOAN SHOTGUN
11:15 Feudal Age
12:37 Double-Bit Axe
15:16 Castle Age
16:32 Bow Saw
25:59 Ballistics
39:19 Imperial Age
39:26 Heavy Scorpion
40:26 Fortified Wall
40:35 Ballistas
42:28 Chemistry
43:30 Wheelbarrow
42:41 Loom
42:42 Town Watch
44:46 Siege Engineers
Loki_GT
0:26 Loom
12:00 Feudal Age
16:14 Castle Age
14:11 Double-Bit Axe
14:42 Horse Collar
15:23 Forging
16:36 Scale Mail Armor
21:55 Bow Saw
22:48 Wheelbarrow
24:32 Hand Cart
27:34 Gold Mining
28:03 Chain Mail Armor
28:23 Iron Casting
30:33 Imperial Age
28:32 Man-at-Arms
28:34 Pikeman
29:17 Anarchy
29:19 Squires
29:14 Long Swordsman
30:59 Elite Huskarl
31:03 Two-Handed Swordsman
31:23 Halberdier
31:54 Champion
45:47 Perfusion
Leillow23
0:47 Loom
10:20 Feudal Age
14:15 Castle Age
13:23 Double-Bit Axe
13:25 Horse Collar
17:14 Wheelbarrow
17:06 Bow Saw
24:02 Heavy Plow
26:44 Hand Cart
27:34 Forging
30:34 Imperial Age
28:19 Anarchy
28:34 Scale Mail Armor
29:10 Iron Casting
29:02 Squires
29:21 Gold Mining
30:23 Chain Mail Armor
30:26 Town Watch
31:19 Perfusion
31:40 Conscription
33:09 Blast Furnace
31:31 Elite Huskarl
40:12 Man-at-Arms
50:17 Two-Man Saw
49:49 Crop Rotation
El Cachorro
1:03 Loom
10:30 Feudal Age
13:58 Castle Age
12:57 Double-Bit Axe
20:59 Scale Mail Armor
23:25 Squires
26:04 Fletching
29:08 Imperial Age
27:19 Bow Saw
27:25 Padded Archer Armor
27:38 Horse Collar
28:27 Leather Archer Armor
29:10 Bodkin Arrow
30:54 Bracer
34:41 Ballistics
36:16 Chemistry
36:48 Huaracas
37:05 Thumb Ring
37:25 Heavy Plow
39:04 Conscription
42:08 Capped Ram
46:37 Siege Engineers
mia
10:18 Feudal Age
8:38 Loom
10:23 Feudal Age
14:55 Castle Age
13:27 Double-Bit Axe
14:19 Horse Collar
19:38 Bow Saw
25:08 Wheelbarrow
25:52 Heavy Plow
32:13 Imperial Age
30:47 Gold Mining
31:18 Padded Archer Armor
32:37 Hand Cart
32:08 Town Watch
32:43 Bloodlines
32:33 Husbandry
33:24 Conscription
34:53 Cavalier
36:07 Scale Barding Armor
37:08 Chain Barding Armor
36:41 Paladin
38:35 Plate Barding Armor
39:49 Forging
42:51 Iron Casting
44:12 Caravan
45:55 Blast Furnace
47:44 Fletching
48:48 Guilds
50:20 Two-Man Saw
arsenalchelsea2
11:06 Feudal Age
14:02 Castle Age
11:49 Horse Collar
11:57 Double-Bit Axe
15:10 Bow Saw
22:30 Loom
23:21 Wheelbarrow
23:05 Stone Mining
23:09 Gold Mining
24:30 Stone Shaft Mining
27:48 Imperial Age
28:09 Heavy Scorpion
28:58 Double Crossbow
30:06 Hand Cart
29:37 Town Watch
30:42 Conscription
31:36 Ballistics
32:17 Chemistry
33:05 Bloodlines
32:55 Husbandry
33:15 Siege Engineers
35:07 Light Cavalry
37:02 Scale Barding Armor
36:20 Hussar
38:04 Chain Barding Armor
39:26 Plate Barding Armor
42:55 Capped Ram
45:36 Fletching
45:58 Forging
47:03 Siege Ram
49:50 Iron Casting
49:16 Scale Mail Armor
49:07 Fletching
49:17 Padded Archer Armor
49:24 Town Patrol
Connection lost

Rejoining the realm…

Still unreachable

The connection could not be restored.

Session expired

The server has moved on; the page needs a fresh start.